 Dungeon Crawl Stone Soup version 0.22-a0-305-gd21a89c (webtiles) character file.

736 xccam the Carver (level 8, 0/58 HPs)
             Began as a Formicid Fighter on Mar 30, 2018.
             Was a Follower of Cheibriados.
             Slain by an orc wizard
             ... wielding a +0 dagger
              (2 damage)
             ... on level 4 of the Dungeon.
             The game lasted 00:05:44 (3048 turns).

xccam the Carver (Formicid Fighter)                 Turns: 3048, Time: 00:05:44

Health: 0/58       AC:  6    Str: 25    XL:     8   Next: 4%
Magic:  8/8        EV:  8    Int: 10    God:    Cheibriados [*.....]
Gold:   231        SH: 10    Dex: 12    Spells: 7/7 levels left

rFire    . . .     SeeInvis +   a - +1 long sword
rCold    . . .     Gourm    .   c - +0 shield
rNeg     + . .     Faith    .   b - +0 scale mail
rPois    .         Spirit   .   (helmet unavailable)
rElec    .         Reflect  .   (no cloak)
rCorr    .         Harm     .   (no gloves)
MR       .....                  (no boots)
Stlth    ..........             (no amulet)
HPRegen  0.19/turn              n - ring of positive energy
MPRegen  0.11/turn              r - ring of flight

@: very slow
A: permanent stasis, dig shafts and tunnels, four strong arms, antennae 3
a: Dig, Shaft Self, Bend Time, Renounce Religion, Evoke Flight


You were on level 4 of the Dungeon.
You worshipped Cheibriados.
Cheibriados was aware of your devotion.
You were not hungry.

You visited 1 branch of the dungeon, and saw 4 of its levels.

You collected 231 gold pieces.

Inventory:

Hand Weapons
 a - a +1 long sword (weapon)
Armour
 b - a +0 scale mail (worn)
 c - a +0 shield (worn)
 m - a -2 large shield
Jewellery
 n - a ring of positive energy (left hand)
 r - a ring of flight (right hand)
Wands
 k - a wand of polymorph (20)
Scrolls
 d - 2 scrolls of remove curse
 e - a scroll of enchant armour
 g - a scroll of enchant weapon
 u - a scroll of identify
Potions
 h - 2 potions of lignification
 i - a potion of curing
 j - a potion of cancellation
 l - 4 potions of resistance
 p - a potion of degeneration
 s - a potion of invisibility {unknown}
Comestibles
 f - 3 rations


   Skills:
 - Level 3.2 Fighting
 - Level 8.0 Long Blades
 + Level 3.6 Armour
 + Level 1.0 Dodging
 * Level 4.3 Shields


You had 7 spell levels left.
You didn't know any spells.

Dungeon Overview and Level Annotations

Branches:
Dungeon (4/15)
 Temple: D:4-7

Altars:
Ashenzari
Cheibriados
Ru
Yredelemnul


Innate Abilities, Weirdness & Mutations

You cannot be hasted, slowed, berserked, paralysed or teleported.
You can dig through walls and to a lower floor.
Your four strong arms can wield two-handed weapons with a shield.
You have a pair of large antennae on your head. (SInv)


Message History

The orc wizard casts a spell at you. The magic dart hits you!
* * * LOW HITPOINT WARNING * * *
The leopard gecko bites you but does no damage.
Unknown command.
You hit the orc wizard but do no damage.
The orc wizard casts a spell at you. The magic dart hits you!
* * * LOW HITPOINT WARNING * * *
The leopard gecko barely misses you.
Unknown command.
You hit the orc wizard.
The orc wizard is heavily wounded.
The orc wizard gestures at you while chanting.
The magic dart hits you!
* * * LOW HITPOINT WARNING * * *
The leopard gecko bites you.
* * * LOW HITPOINT WARNING * * *
The orc wizard hits you with a dagger.
You die...

..........
#.........
#.........
#.........
#.........
##%........
#.[l.......
#..@o......
#.......###
##......## ..
#......## #..
#......###...
###...........
###...........#
..............#
.....##......##
#.


You could see an orc wizard and a leopard gecko.

Vanquished Creatures
  Sigmund (D:4)
  A scorpion (D:4)
  A hound (D:4)
  5 orc priests
  An iguana (D:4)
  Natasha (twice) (D:4)
  3 orc wizards (D:3)
  A worker ant (D:4)
  5 adders
  2 worms
  3 dart slugs
  A leopard gecko (D:3)
  17 orcs
  4 giant cockroaches
  7 goblins
  8 hobgoblins
  2 jackals (D:3)
  A quokka (D:3)
  4 ball pythons (D:3)
  12 bats
  7 frilled lizards
  10 kobolds
  7 rats
  A spectral orc (D:2)
106 creatures vanquished.

Notes
Turn   | Place    | Note
-------+----------+-------------------------------------------
     0 | D:1      | xccam the Formicid Fighter began the quest for the Orb.
     0 | D:1      | Reached XP level 1. HP: 18/18 MP: 1/1
    91 | D:1      | Reached XP level 2. HP: 24/24 MP: 2/2
   237 | D:1      | Reached skill level 3 in Long Blades
   302 | D:1      | Reached XP level 3. HP: 29/29 MP: 3/3
   815 | D:2      | Found a sacrificial altar of Ru.
   901 | D:2      | Reached skill level 4 in Long Blades
   901 | D:2      | Reached XP level 4. HP: 33/35 MP: 4/4
  1226 | D:2      | Found a basalt altar of Yredelemnul.
  1513 | D:3      | Reached XP level 5. HP: 9/41 MP: 5/5
  1515 | D:3      | Reached skill level 5 in Long Blades
  1778 | D:3      | Found a shattered altar of Ashenzari.
  2034 | D:3      | Reached XP level 6. HP: 45/47 MP: 6/6
  2067 | D:3      | Reached skill level 6 in Long Blades
  2159 | D:3      | Found a snail-covered altar of Cheibriados.
  2168 | D:3      | Became a worshipper of Cheibriados the Contemplative
  2630 | D:4      | Noticed Sigmund
  2646 | D:4      | Killed Sigmund
  2646 | D:4      | Reached skill level 7 in Long Blades
  2646 | D:4      | Reached XP level 7. HP: 52/52 MP: 7/7
  2679 | D:4      | Noticed Natasha
  2688 | D:4      | Killed Natasha
  2689 | D:4      | Reached skill level 8 in Long Blades
  3031 | D:4      | Noticed Natasha
  3040 | D:4      | Killed Natasha
  3040 | D:4      | Reached * piety under Cheibriados
  3042 | D:4      | Reached XP level 8. HP: 25/58 MP: 8/8
  3045 | D:4      | Reached skill level 1 in Dodging
  3048 | D:4      | HP: 2/58 [leopard gecko (4)]
  3048 | D:4      | Slain by an orc wizard

Vault maps used:
D:1:      minmay_arrival_wavy_path
D:2:      yredelemnul_forgotten_temple_becter,
          nicolae_ru_great_annihilating_truth, kennysheep_small_spiral
D:3:      cheibriados_altar_1, grunt_decor_mini_mirrors,
          nicolae_ashenzari_panopticon
D:4:      old_standard_altar, grunt_dithmenos_shadows, uniq_sigmund,
          uniq_natasha

Skill      XL: |  1  2  3  4  5  6  7  8 |
---------------+-------------------------+-----
Long Blades    | 3 4 5 7 8 |  8.0
Shields        | 4 |  4.3
Dodging        | 1 |  1.0
Fighting       | |  3.2
Armour         | |  3.6

Action                   |  1- 3 |  4- 6 |  7- 9 || total
-------------------------+-------+-------+-------++-------
Melee: Long sword        |   106 |   191 |    31 ||   328
  Use: Scroll            |     6 |     9 |       ||    15
       Potion            |       |     3 |       ||     3
 Stab: Paralysed         |     1 |       |       ||     1
  Eat: Chunk             |       |     5 |       ||     5
       Ration            |       |     1 |       ||     1
Armor: Scale mail        |    44 |    72 |    18 ||   134
Dodge: Dodged            |    34 |    53 |    16 ||   103
Block: Shield            |    40 |    12 |    29 ||    81
       Large shield      |    12 |    99 |       ||   111
       Rpst.: Long sword |    15 |    14 |     6 ||    35

Table legend:
 A = Spawn XP
 B = Non-spawn XP
 C = Spawn XP percentage of total XP
 D = Spawn monster count
 E = Non-spawn monster count
 F = Spawn count percentage of total count
 G = Total turns spent on level
                    A         B        C        D         E        F      G
               +---------+---------+-------+---------+---------+-------+---------
         Total |       0 |    1052 |   0.0 |       0 |     106 |   0.0 |  3048
               +---------+---------+-------+---------+---------+-------+---------
           D:1 |       0 |      44 |   0.0 |       0 |      25 |   0.0 |   696
           D:2 |       0 |      62 |   0.0 |       0 |      22 |   0.0 |   725
           D:3 |       0 |     307 |   0.0 |       0 |      43 |   0.0 |  1209
           D:4 |       0 |     639 |   0.0 |       0 |      16 |   0.0 |   418
               +---------+---------+-------+---------+---------+-------+---------
